AoeStats
← Hoyall

Nomad

510066719Analyzed
4v4 RM · 3d ago on Sep 29, 2026· 20m 3s· 8 players
Game mode
Random Map
Map size
231×231
Population
200
Speed
Normal
Resources
Standard
Victory
Conquest
Starting age
Dark Age
Ending age
Imperial Age
RankedLock teamsTeams togetherTeam positionsShared explorationLock speedFull tech treeHidden civsTurbo modeCheats
Victory
Defeat
🇨🇳 Mongols · China
1646
+17
🇲🇽 Wu · Mexico
1631
+17
🇨🇳 Slavs · China
1623
+18
🇳🇱 Malians · Netherlands
1611
+18
🇧🇷 Armenians · Brazil
1709
-20
🇰🇿 Dravidians · Kazakhstan
1707
-19
🇩🇪 Portuguese · Germany
1680
-18
🇨🇳 Chinese · China
1558
-13
VX | Obligame Perro!
13:23 Feudal Age
11:52 Loom
17:04 Castle Age
15:02 Double-Bit Axe
16:48 Scale Mail Armor
17:53 Squires
18:57 Chain Mail Armor
20:20 Forging
20:04 Arson
Komkommersla
4:13 Loom
13:02 Feudal Age
13:49 Double-Bit Axe
13:48 Man-at-Arms
17:41 Arson
18:11 Fletching
Bz_青红
4:34 Loom
12:16 Feudal Age
15:58 Castle Age
14:58 Town Watch
16:25 Fletching
17:08 Bodkin Arrow
心如止水
4:53 Loom
14:24 Feudal Age
16:11 Double-Bit Axe
16:41 Bloodlines
19:08 Castle Age
18:23 Fishing Lines
20:12 Medium Warships
SHell | Denchik_Ne_Lohx
9:08 Loom
11:40 Feudal Age
12:13 Double-Bit Axe
13:12 Fishing Lines
13:36 Fletching
19:11 Castle Age
20:06 Bow Saw
20:08 Medium Warships
19:54 Bodkin Arrow
第一滴血
3:32 Loom
13:02 Feudal Age
19:10 Castle Age
17:41 Fishing Lines
17:56 Double-Bit Axe
19:11 Horse Collar
19:42 Fletching
20:22 Medium Warships
20:04 Gillnets
20:29 Bow Saw
Hoyall
6:58 Loom
13:30 Feudal Age
14:26 Double-Bit Axe
18:55 Castle Age
18:34 Horse Collar
LM \ Molle
6:58 Loom
14:16 Feudal Age
15:08 Town Watch
18:06 Castle Age
15:55 Double-Bit Axe
16:17 Fishing Lines
20:52 Bow Saw
Connection lost

Rejoining the realm…

Still unreachable

The connection could not be restored.

Session expired

The server has moved on; the page needs a fresh start.